[Event "XIII Mediterranean Championship 2023"]
[Site "Castell-Platja d Aro"]
[Date "2023.11.09"]
[Round "7.32"]
[White "Teixidor Banus, Josep Maria"]
[Black "Burset Camps, Guillem"]
[Result "1/2-1/2"]
[ECO "B13"]
[WhiteElo "1669"]
[BlackElo "1408"]
[Annotator "NA RC"]
[PlyCount "50"]
[EventDate "2023.10.26"]
[EventType "swiss"]
[EventCountry "ESP"]
[SourceTitle "playchess.com"]
[Source "ChessBase"]
[SourceQuality "1"]
[TimeControl "5400+30"]

1. d4 e6 2. Bf4 d5 3. e3 c5 4. c3 Nf6 5. Nd2 cxd4 6. exd4 Bd6 7. Bxd6 Qxd6 8. Ngf3 O-O 9. Bd3 Nc6 10. O-O a6 11. Qe2 b5 12. a3 Bb7 13. Ne5 Nd7 14. f4 Ndxe5 15. fxe5 Qe7 16. Qh5 g6 17. Qh6 f5 18. exf6 Rxf6 19. Rxf6 Qxf6 20. Rf1 Qg7 21. Qxg7+ Kxg7 22. Nf3 Rf8 23. Re1 Bc8 24. Ng5 Rf6 25. Re2 Na5 1/2-1/2

[Event "XIII Mediterranean Championship 2023"]
[Site "Castell-Platja d Aro"]
[Date "2023.11.10"]
[Round "8.1"]
[White "Narciso Dublan, Marc"]
[Black "Iermito, Sebastian"]
[Result "1/2-1/2"]
[ECO "E65"]
[WhiteElo "2401"]
[BlackElo "2521"]
[Annotator "RC"]
[PlyCount "30"]
[EventDate "2023.10.26"]
[EventType "swiss"]
[EventCountry "ESP"]
[SourceTitle "playchess.com"]
[Source "ChessBase"]
[SourceQuality "1"]
[TimeControl "5400+30"]

1. c4 c5 2. g3 Nc6 3. Bg2 g6 4. Nc3 Bg7 5. Nf3 d6 6. O-O Rb8 7. e3 Nf6 8. d4 O-O 9. b3 Be6 10. Bb2 cxd4 11. Nxd4 Nxd4 12. Qxd4 Nd5 13. Qd2 Nxc3 14. Bxc3 Bxc3 15. Qxc3 Qc7 1/2-1/2

[Event "XIII Mediterranean Championship 2023"]
[Site "Castell-Platja d Aro"]
[Date "2023.11.10"]
[Round "8.2"]
[White "Gines Esteo, Pedro Antonio"]
[Black "Alexakis, Dimitris"]
[Result "1/2-1/2"]
[ECO "A34"]
[WhiteElo "2490"]
[BlackElo "2458"]
[Annotator "RC"]
[PlyCount "119"]
[EventDate "2023.10.26"]
[EventType "swiss"]
[EventCountry "ESP"]
[SourceTitle "playchess.com"]
[Source "ChessBase"]
[SourceQuality "1"]
[TimeControl "5400+30"]

1. Nf3 c5 2. c4 Nc6 3. Nc3 Nf6 4. e4 e6 5. Be2 e5 6. d3 g6 7. Nd5 Bg7 8. O-O h6 9. a3 a5 10. Qa4 Ra6 11. Be3 d6 12. h3 O-O 13. Qc2 Kh7 14. Rfb1 Bd7 15. Bd2 Qb8 16. Qc1 Nxd5 17. exd5 Ne7 18. b4 axb4 19. axb4 Rxa1 20. Rxa1 b5 21. bxc5 dxc5 22. Rb1 Qc7 23. cxb5 Nxd5 24. Qc4 Qd6 25. Qh4 f6 26. Qa4 Rb8 27. Qc4 Bf8 28. Nh2 Be6 29. Qa4 Nb6 30. Qa7+ Bg7 31. Bf3 f5 32. Bc6 Nc8 33. Qa3 Ne7 34. Bf3 e4 35. Be2 exd3 36. Qxd3 Qxd3 37. Bxd3 Rd8 38. Re1 Bg8 39. Rxe7 Rxd3 40. Nf3 Bd5 41. Bf4 Kg8 42. Be5 Bf8 43. Rd7 c4 44. Nh4 Bf7 45. Rc7 Rd5 46. f4 Rxb5 47. Rc8 Be6 48. Rc6 Kf7 49. Rc7+ Ke8 50. Nxg6 Bc5+ 51. Kh2 Bd5 52. g4 Ra5 53. gxf5 Ra2+ 54. Kg3 Ra3+ 55. Kh2 Bf2 56. f6 Ra7 57. Rc8+ Kd7 58. Rb8 Ra2 59. f7 Bc5+ 60. Rb2 1/2-1/2

[Event "XIII Mediterranean Championship 2023"]
[Site "Castell-Platja d Aro"]
[Date "2023.11.10"]
[Round "8.3"]
[White "Lacasa Diaz, Jose Antonio"]
[Black "Asis Gargatagli, Hipolito"]
[Result "0-1"]
[ECO "B51"]
[WhiteElo "2353"]
[BlackElo "2511"]
[Annotator "RC"]
[PlyCount "58"]
[EventDate "2023.10.26"]
[EventType "swiss"]
[EventCountry "ESP"]
[SourceTitle "playchess.com"]
[Source "ChessBase"]
[SourceQuality "1"]
[TimeControl "5400+30"]

1. e4 c5 2. Nf3 d6 3. Bb5+ Nd7 4. d4 cxd4 5. Qxd4 a6 6. Bxd7+ Qxd7 7. Nc3 e5 8. Qd3 Qc6 9. Bg5 Be6 10. O-O-O h6 11. Bh4 g5 12. Bg3 h5 13. h4 g4 14. Nxe5 dxe5 15. Bxe5 f6 16. Bf4 Rh7 17. Kb1 Rd7 18. Nd5 Rc8 19. b3 b5 20. Rd2 Bg7 21. f3 Ne7 22. Rhd1 Kf7 23. fxg4 Nxd5 24. exd5 Rxd5 25. Qh7 Rxd2 26. Qxh5+ Kg8 27. Rxd2 Qe4 28. Bg3 Qe3 29. Rd3 Qe2 0-1

[Event "XIII Mediterranean Championship 2023"]
[Site "Castell-Platja d Aro"]
[Date "2023.11.10"]
[Round "8.4"]
[White "Rojano Alfonso, Carlos"]
[Black "Garriga Cazorla, Pere"]
[Result "0-1"]
[ECO "A03"]
[WhiteElo "2207"]
[BlackElo "2459"]
[Annotator "RC"]
[PlyCount "44"]
[EventDate "2023.10.26"]
[EventType "swiss"]
[EventCountry "ESP"]
[SourceTitle "playchess.com"]
[Source "ChessBase"]
[SourceQuality "1"]
[TimeControl "5400+30"]

1. f4 g6 2. d3 d5 3. e3 Bg7 4. Nf3 Nf6 5. Be2 c5 6. O-O Nc6 7. Qe1 O-O 8. Kh1 b6 9. Qh4 Ba6 10. Rf2 Qc7 11. g4 c4 12. d4 Ne4 13. Rg2 Nb4 14. a3 Nxc2 15. Ra2 b5 16. Bd1 b4 17. Bxc2 b3 18. Ra1 bxc2 19. Rxc2 c3 20. Ne1 Qc4 21. h3 f6 22. Nd2 cxd2 0-1

[Event "XIII Mediterranean Championship 2023"]
[Site "Castell-Platja d Aro"]
[Date "2023.11.10"]
[Round "8.5"]
[White "Ayats Llobera, Gerard"]
[Black "Domene Mulyukov, Alexander"]
[Result "1-0"]
[ECO "B01"]
[WhiteElo "2442"]
[BlackElo "2198"]
[Annotator "RC"]
[PlyCount "73"]
[EventDate "2023.10.26"]
[EventType "swiss"]
[EventCountry "ESP"]
[SourceTitle "playchess.com"]
[Source "ChessBase"]
[SourceQuality "1"]
[TimeControl "5400+30"]

1. e4 d5 2. exd5 Qxd5 3. Nc3 Qa5 4. d4 Nf6 5. Nf3 Nc6 6. h3 a6 7. Bd2 Qb6 8. Na4 Qa7 9. c4 Nxd4 10. Be3 Nxf3+ 11. Qxf3 Qb8 12. O-O-O Bd7 13. Nc3 e6 14. Be2 Bd6 15. Bd3 Bc6 16. Ne4 Nxe4 17. Bxe4 Bxe4 18. Qxe4 O-O 19. c5 Be7 20. Rd7 Bf6 21. Rhd1 c6 22. g4 Qc8 23. g5 Rd8 24. Qd3 Be7 25. h4 Rxd7 26. Qxd7 Qf8 27. b4 a5 28. Qxb7 axb4 29. Kb2 Rb8 30. Qxc6 Rc8 31. Qb5 h6 32. c6 hxg5 33. hxg5 Qe8 34. Rd7 Rd8 35. Qb7 Rxd7 36. cxd7 Qf8 37. Qc8 1-0

[Event "XIII Mediterranean Championship 2023"]
[Site "Castell-Platja d Aro"]
[Date "2023.11.10"]
[Round "8.6"]
[White "Gilevych, Artem"]
[Black "Jimenez Ruano, Adrian"]
[Result "1/2-1/2"]
[ECO "B55"]
[WhiteElo "2416"]
[BlackElo "2281"]
[Annotator "RC"]
[PlyCount "150"]
[EventDate "2023.10.26"]
[EventType "swiss"]
[EventCountry "ESP"]
[SourceTitle "playchess.com"]
[Source "ChessBase"]
[SourceQuality "1"]
[TimeControl "5400+30"]

1. e4 c5 2. Nf3 d6 3. d4 cxd4 4. Nxd4 Nf6 5. f3 e5 6. Nb3 d5 7. Bg5 d4 8. c3 Nc6 9. cxd4 Bb4+ 10. Bd2 Nxe4 11. Bxb4 Qh4+ 12. g3 Nxg3 13. hxg3 Qxh1 14. Ba3 Bh3 15. N1d2 O-O-O 16. Qc2 Bxf1 17. O-O-O Kb8 18. Rxf1 Qg2 19. Qf5 f6 20. Bc5 Rc8 21. Kb1 Rhd8 22. Rc1 Qxg3 23. d5 Rxd5 24. Ne4 Qg6 25. Bd6+ Rxd6 26. Qxg6 hxg6 27. Nxd6 Rd8 28. Ne4 Rd3 29. Rf1 b6 30. Nc3 g5 31. a3 e4 32. fxe4 g4 33. Nc1 Rh3 34. N1e2 Ne5 35. Rg1 Rf3 36. Nd5 g6 37. Nd4 Rd3 38. Ne6 f5 39. Nef4 Rd2 40. Ne7 fxe4 41. Nexg6 Nc4 42. Kc1 e3 43. Rxg4 Nxb2 44. Rg2 Nd3+ 45. Kb1 Rxg2 46. Nxg2 e2 47. Kc2 e1=Q 48. Nxe1 Nxe1+ 49. Kc3 Nf3 50. Nf4 Kb7 51. Nd3 Ng5 52. Kc4 Ne4 53. Ne5 Nd6+ 54. Kb3 Ka6 55. Nc6 Nf7 56. Kb4 Kb7 57. Nd4 Ne5 58. Kb3 a6 59. Kc3 Kc7 60. Nc2 Nc6 61. Kc4 Kd6 62. a4 Na5+ 63. Kc3 Nb7 64. Ne3 Kc6 65. Nc4 Nc5 66. Kb4 Nd3+ 67. Kc3 Nc5 68. Kb4 Nd7 69. Kb3 Kc5 70. Kc3 Nf6 71. Ne5 Ne4+ 72. Kb3 Kd5 73. Nc4 Nc5+ 74. Kb4 Nxa4 75. Nxb6+ Nxb6 1/2-1/2

[Event "XIII Mediterranean Championship 2023"]
[Site "Castell-Platja d Aro"]
[Date "2023.11.10"]
[Round "8.7"]
[White "Trepat Herranz, Joan"]
[Black "Martin Barcelo, Carles"]
[Result "1/2-1/2"]
[ECO "E60"]
[WhiteElo "2385"]
[BlackElo "2242"]
[Annotator "RC"]
[PlyCount "90"]
[EventDate "2023.10.26"]
[EventType "swiss"]
[EventCountry "ESP"]
[SourceTitle "playchess.com"]
[Source "ChessBase"]
[SourceQuality "1"]
[TimeControl "5400+30"]

1. d4 Nf6 2. c4 d6 3. Nf3 g6 4. g3 Bf5 5. Bg2 Bg7 6. O-O O-O 7. Nc3 Ne4 8. Nh4 Nxc3 9. bxc3 Bc8 10. e4 c5 11. Be3 Nc6 12. Qd3 b6 13. Nf3 e5 14. d5 Nb8 15. Nd2 Nd7 16. f4 exf4 17. gxf4 f5 18. exf5 gxf5 19. Nf3 h6 20. Bf2 Nf6 21. Nd2 Ng4 22. Bg3 Qf6 23. Rf3 Qf7 24. h3 Nf6 25. Re1 Bd7 26. Rfe3 Rae8 27. Rxe8 Rxe8 28. Rxe8+ Qxe8 29. Bf2 Nh5 30. Qf3 Qg6 31. Nf1 Be8 32. Ng3 Nxg3 33. Bxg3 Qf6 34. Be1 Qe7 35. Bd2 Bg6 36. Bf1 Qe8 37. Qe2 Qd7 38. Be1 Bf6 39. Qc2 Qe7 40. Qe2 Qg7 41. Kh2 Qd7 42. Qc2 Qe7 43. Qe2 Qd7 44. Qc2 Qe7 45. Qe2 Qd7 1/2-1/2

[Event "XIII Mediterranean Championship 2023"]
[Site "Castell-Platja d Aro"]
[Date "2023.11.10"]
[Round "8.8"]
[White "Banos, Oscar"]
[Black "Lazaro Pujol, Abel"]
[Result "0-1"]
[ECO "B14"]
[WhiteElo "2188"]
[BlackElo "2289"]
[Annotator "RC"]
[PlyCount "78"]
[EventDate "2023.10.26"]
[EventType "swiss"]
[EventCountry "ESP"]
[SourceTitle "playchess.com"]
[Source "ChessBase"]
[SourceQuality "1"]
[TimeControl "5400+30"]

1. c4 e6 2. Nf3 d5 3. e3 Nf6 4. d4 c5 5. a3 cxd4 6. exd4 Be7 7. Nc3 Nc6 8. c5 Ne4 9. Bb5 O-O 10. O-O Bd7 11. Bd3 f5 12. Ne2 a5 13. Ne1 b6 14. cxb6 Qxb6 15. Nc2 Bf6 16. Be3 a4 17. Rb1 Qd8 18. Bb5 Nd6 19. Bd3 g5 20. f3 f4 21. Bf2 Rb8 22. Nc3 Qa5 23. Re1 Kh8 24. Ne2 Bg7 25. Na1 Nf5 26. b4 axb3 27. Nxb3 Qxa3 28. Bxf5 exf5 29. Nc3 Qd6 30. Nc5 Rxb1 31. Nxb1 g4 32. Nxd7 Qxd7 33. Kf1 h5 34. Nc3 h4 35. fxg4 fxg4 36. Bxh4 Bxd4 37. Qb3 g3 38. h3 f3 39. Bxg3 Qg7 0-1

[Event "XIII Mediterranean Championship 2023"]
[Site "Castell-Platja d Aro"]
[Date "2023.11.10"]
[Round "8.9"]
[White "Ventura Bolet, Alexandre"]
[Black "Alsina Leal, Daniel"]
[Result "1-0"]
[ECO "A07"]
[WhiteElo "2238"]
[BlackElo "2531"]
[Annotator "RC"]
[PlyCount "103"]
[EventDate "2023.10.26"]
[EventType "swiss"]
[EventCountry "ESP"]
[SourceTitle "playchess.com"]
[Source "ChessBase"]
[SourceQuality "1"]
[TimeControl "5400+30"]

1. Nf3 d5 2. g3 Nf6 3. Bg2 e6 4. O-O Be7 5. d3 O-O 6. Nbd2 Nc6 7. e4 dxe4 8. dxe4 e5 9. c3 a5 10. Qc2 Bc5 11. Nc4 Qe7 12. Ne3 g6 13. Re1 Nd8 14. Nd5 Nxd5 15. exd5 f6 16. Be3 Nf7 17. Nd2 f5 18. Bxc5 Qxc5 19. c4 a4 20. Qc3 Qa5 21. b4 axb3 22. Qxa5 Rxa5 23. axb3 Rxa1 24. Rxa1 Kg7 25. f4 e4 26. Nf1 c6 27. Ne3 cxd5 28. Nxd5 Be6 29. Nc7 Nd8 30. Ra8 Rf7 31. Ne8+ Kf8 32. Rxd8 Ke7 33. Ra8 Kd7 34. c5 Rf8 35. Bf1 Bxb3 36. Bb5+ Ke7 37. Nc7 Rxa8 38. Nxa8 Bc2 39. Kf2 Bb3 40. Ke3 Ba2 41. Kd4 Kd8 42. Nb6 Bb3 43. Bc4 Bxc4 44. Nxc4 Kc7 45. Ne3 Kc6 46. g4 fxg4 47. Nxg4 Kb5 48. Ne3 Kc6 49. Nd5 h6 50. h3 h5 51. h4 Kd7 52. Kxe4 1-0

[Event "XIII Mediterranean Championship 2023"]
[Site "Castell-Platja d Aro"]
[Date "2023.11.10"]
[Round "8.10"]
[White "Vehi Bach, Victor Manuel"]
[Black "Garcia Ramos, Daniel"]
[Result "1-0"]
[ECO "B12"]
[WhiteElo "2216"]
[BlackElo "2455"]
[Annotator "RC"]
[PlyCount "141"]
[EventDate "2023.10.26"]
[EventType "swiss"]
[EventCountry "ESP"]
[SourceTitle "playchess.com"]
[Source "ChessBase"]
[SourceQuality "1"]
[TimeControl "5400+30"]

1. e4 c6 2. d4 d5 3. e5 Bf5 4. Nd2 e6 5. Nb3 Nd7 6. Nf3 h6 7. Be2 a6 8. O-O c5 9. Nxc5 Bxc5 10. dxc5 Nxc5 11. Nd4 Ne7 12. Be3 Nd7 13. f4 O-O 14. a4 Be4 15. a5 Nc6 16. Qd2 Qe7 17. Bd3 Bxd3 18. cxd3 f6 19. exf6 Qxf6 20. Nxc6 bxc6 21. d4 Qf5 22. Rac1 Rfc8 23. Rc2 Rab8 24. Rfc1 Rb3 25. Rxc6 Rxc6 26. Rxc6 Nf6 27. Qc1 Ne4 28. Rc2 Qg4 29. h3 Qh5 30. Kh2 Kh7 31. Qe1 Qg6 32. Re2 Rd3 33. Bf2 Qf7 34. Be3 Rb3 35. Bc1 Kg8 36. Kg1 Qc7 37. Re3 Rb5 38. Ra3 Qc4 39. Qd1 Rb8 40. Kh2 Rc8 41. Be3 Qb5 42. Rb3 Qe8 43. Rb7 h5 44. Rb6 Qg6 45. Qf3 Rc2 46. f5 Qxf5 47. Qxf5 exf5 48. h4 Nf6 49. Bf4 Ng4+ 50. Kg3 Rc4 51. Be5 Nxe5 52. dxe5 Kf7 53. Rxa6 Rg4+ 54. Kf3 Rxh4 55. Rb6 Ra4 56. a6 g5 57. b4 h4 58. Rf6+ Ke7 59. b5 g4+ 60. Ke2 f4 61. Rh6 h3 62. gxh3 f3+ 63. Kf2 Ra2+ 64. Kg3 f2 65. Rf6 gxh3 66. Rxf2 Ra3+ 67. Kh2 d4 68. Rb2 d3 69. b6 Rc3 70. Rb4 d2 71. Rd4 1-0

[Event "XIII Mediterranean Championship 2023"]
[Site "Castell-Platja d Aro"]
[Date "2023.11.10"]
[Round "8.11"]
[White "Masague Artero, Guerau"]
[Black "Hernando Rodrigo, Julio Antonio"]
[Result "1/2-1/2"]
[ECO "D37"]
[WhiteElo "2305"]
[BlackElo "2202"]
[Annotator "RC"]
[PlyCount "135"]
[EventDate "2023.10.26"]
[EventType "swiss"]
[EventCountry "ESP"]
[SourceTitle "playchess.com"]
[Source "ChessBase"]
[SourceQuality "1"]
[TimeControl "5400+30"]

1. d4 d5 2. c4 e6 3. Nc3 h6 4. Nf3 Nf6 5. g3 Bd6 6. a3 b6 7. cxd5 exd5 8. Bg2 c6 9. O-O O-O 10. Bf4 Bxf4 11. gxf4 Ne4 12. Rc1 Nd6 13. Ne5 Bb7 14. e3 Nd7 15. Ne2 Nxe5 16. fxe5 Nc4 17. Rc2 f6 18. Nf4 Qe8 19. exf6 Rxf6 20. Qg4 Bc8 21. Qh5 Bf5 22. Rc3 Bg6 23. Nxg6 Rxg6 24. Kh1 Nd2 25. Rxc6 Rxc6 26. Qxd5+ Re6 27. Rd1 Rd8 28. Qa2 Rxd4 29. exd4 Kh8 30. h3 Re1+ 31. Rxe1 Qxe1+ 32. Kh2 Qxf2 33. Qd5 Nf1+ 34. Kh1 Ng3+ 35. Kh2 Qf4 36. Qe5 Ne2+ 37. Qxf4 Nxf4 38. Bf1 g5 39. Kg3 Kg7 40. Kf3 Kf6 41. Ke4 Ke6 42. Bc4+ Kd6 43. h4 Ne6 44. hxg5 Nxg5+ 45. Kf4 Ne6+ 46. Kf5 Nxd4+ 47. Kg6 Kc5 48. Bf1 Nc2 49. Kxh6 Ne3 50. Be2 Nc4 51. b4+ Kd4 52. a4 Kc3 53. b5 Kb4 54. Kg5 Nb2 55. Kf4 Nxa4 56. Ke3 Nc3 57. Bh5 Kxb5 58. Kd3 Kb4 59. Kc2 Kc4 60. Bf7+ Nd5 61. Kb2 b5 62. Ka3 a5 63. Bg8 Kc5 64. Bf7 Kd4 65. Be8 Nc7 66. Bxb5 Nxb5+ 67. Ka4 Nc3+ 68. Kxa5 1/2-1/2

[Event "XIII Mediterranean Championship 2023"]
[Site "Castell-Platja d Aro"]
[Date "2023.11.10"]
[Round "8.12"]
[White "Valle Luis, Leo"]
[Black "Martinez Pla, Xavier"]
[Result "1/2-1/2"]
[ECO "B47"]
[WhiteElo "2216"]
[BlackElo "2263"]
[Annotator "RC"]
[PlyCount "97"]
[EventDate "2023.10.26"]
[EventType "swiss"]
[EventCountry "ESP"]
[SourceTitle "playchess.com"]
[Source "ChessBase"]
[SourceQuality "1"]
[TimeControl "5400+30"]

1. e4 c5 2. Nf3 e6 3. d4 cxd4 4. Nxd4 Nc6 5. Nc3 Qc7 6. g4 a6 7. Be3 b5 8. Nxc6 Qxc6 9. Qd2 Nf6 10. f3 d6 11. a4 bxa4 12. Rxa4 Be7 13. Be2 O-O 14. O-O Rd8 15. Rfa1 d5 16. exd5 Nxd5 17. Nxd5 Rxd5 18. Bd3 Bb7 19. Qe2 Rdd8 20. Be4 Qc7 21. Rc4 Qb8 22. Bf4 Bd6 23. Bxd6 Qxd6 24. Bxb7 Qb6+ 25. Kg2 Qxb7 26. b3 Rd5 27. Rd1 Rad8 28. Rxd5 Rxd5 29. Re4 h5 30. h3 Qb6 31. Re5 hxg4 32. hxg4 Rd4 33. Re4 Rd6 34. Qc4 Qd8 35. Re2 Rd1 36. Qf4 a5 37. Rf2 Qb6 38. Qe4 Rd4 39. Qa8+ Rd8 40. Qe4 Qc5 41. Re2 Qc3 42. Qf4 Qc5 43. Qe4 Qc7 44. Rf2 Qb6 45. Re2 Rd4 46. Qa8+ Rd8 47. Qe4 Rd4 48. Qa8+ Rd8 49. Qe4 1/2-1/2

[Event "XIII Mediterranean Championship 2023"]
[Site "Castell-Platja d Aro"]
[Date "2023.11.10"]
[Round "8.13"]
[White "Lever, Erwan"]
[Black "Garcia Jimenez, Francisco Javier"]
[Result "1-0"]
[ECO "E18"]
[WhiteElo "2184"]
[BlackElo "2249"]
[Annotator "RC"]
[PlyCount "77"]
[EventDate "2023.10.26"]
[EventType "swiss"]
[EventCountry "ESP"]
[SourceTitle "playchess.com"]
[Source "ChessBase"]
[SourceQuality "1"]
[TimeControl "5400+30"]

1. d4 Nf6 2. c4 e6 3. g3 d5 4. Nf3 Be7 5. Bg2 O-O 6. Nc3 b6 7. cxd5 exd5 8. O-O Bb7 9. Bf4 c6 10. Rc1 Nbd7 11. Qb3 Nh5 12. Bd2 Nhf6 13. Bf4 Nh5 14. Bd2 Nhf6 15. a4 a5 16. Bf4 Nh5 17. Be3 Bd6 18. Ne5 Ra6 19. Nd3 Nhf6 20. Bf4 Bxf4 21. Nxf4 Qe7 22. Rfd1 Re8 23. h4 Raa8 24. Nd3 Ba6 25. Ne5 Qb4 26. Qxb4 axb4 27. Na2 Nxe5 28. dxe5 Rxe5 29. Nxb4 Bxe2 30. Rd2 c5 31. Nxd5 Nxd5 32. Bxd5 Rae8 33. Bc6 Rc8 34. Re1 g6 35. Bf3 Bxf3 36. Rxe5 Ra8 37. Re3 Bc6 38. Rd6 Bxa4 39. Ra3 1-0

[Event "XIII Mediterranean Championship 2023"]
[Site "Castell-Platja d Aro"]
[Date "2023.11.10"]
[Round "8.14"]
[White "Rodriguez Redondo, Adhara"]
[Black "Eugene, Floryan"]
[Result "0-1"]
[ECO "C54"]
[WhiteElo "2117"]
[BlackElo "2426"]
[Annotator "RC"]
[PlyCount "84"]
[EventDate "2023.10.26"]
[EventType "swiss"]
[EventCountry "ESP"]
[SourceTitle "playchess.com"]
[Source "ChessBase"]
[SourceQuality "1"]
[TimeControl "5400+30"]

1. e4 e5 2. Nf3 Nc6 3. Bc4 Bc5 4. d3 Nf6 5. O-O d6 6. c3 h6 7. Re1 a6 8. a4 O-O 9. h3 a5 10. Be3 Bxe3 11. Rxe3 d5 12. exd5 Nxd5 13. Re1 Nf4 14. Re3 Qd6 15. Qf1 Be6 16. Na3 Rfe8 17. Nb5 Qd7 18. Bxe6 Rxe6 19. g3 Nd5 20. Re2 Rae8 21. Rae1 Nb6 22. Nd2 Nxa4 23. Nb3 R6e7 24. Re4 Nxb2 25. Qe2 Qxd3 26. Nc5 Qxe2 27. R1xe2 f5 28. Rh4 b6 29. Na6 Nd3 30. Naxc7 Rd8 31. Rc4 Nc5 32. Na6 Rd5 33. Nbc7 Rd1+ 34. Kg2 e4 35. Nxc5 bxc5 36. Na6 Ne5 37. Rxc5 Nf3 38. h4 Rg1+ 39. Kh3 Rh1+ 40. Kg2 Rh2+ 41. Kf1 Rd7 42. Rb2 Rd1+ 0-1

[Event "XIII Mediterranean Championship 2023"]
[Site "Castell-Platja d Aro"]
[Date "2023.11.10"]
[Round "8.15"]
[White "Fortuny Profitos, Jordi"]
[Black "Menac Comas, Joan Ramon"]
[Result "0-1"]
[ECO "D00"]
[WhiteElo "2135"]
[BlackElo "2044"]
[Annotator "RC"]
[PlyCount "110"]
[EventDate "2023.10.26"]
[EventType "swiss"]
[EventCountry "ESP"]
[SourceTitle "playchess.com"]
[Source "ChessBase"]
[SourceQuality "1"]
[TimeControl "5400+30"]

1. d4 d5 2. Bf4 c5 3. e3 Nc6 4. c3 Qb6 5. Qb3 c4 6. Qc2 e5 7. dxe5 Bf5 8. Qc1 g5 9. Bg3 h5 10. h3 Bg7 11. Nf3 g4 12. Nd4 Nge7 13. Nd2 Nxe5 14. Bxe5 Bxe5 15. Nxf5 Nxf5 16. hxg4 hxg4 17. Rxh8+ Bxh8 18. Qc2 Nd6 19. Qa4+ Kf8 20. O-O-O g3 21. Qa3 Kg8 22. f3 Re8 23. Re1 Nb5 24. Qb4 a5 25. Qa4 Re6 26. e4 Bxc3 27. bxc3 Nxc3 28. Qa3 Qf2 29. Qxc3 Qxe1+ 30. Kc2 dxe4 31. fxe4 b5 32. Qd4 Kh7 33. Qd5 Qa1 34. Qh5+ Kg7 35. Qxb5 Qxa2+ 36. Qb2+ Qxb2+ 37. Kxb2 Rf6 38. Nf3 Rxf3 39. gxf3 Kf6 40. Kc3 Ke5 41. Kxc4 Kf4 42. Bg2 Ke3 43. e5 Kf4 44. Kb5 Kxe5 45. Kxa5 Kf4 46. Kb4 Ke3 47. Bh1 f5 48. Kc4 Kf2 49. f4 g2 50. Bxg2 Kxg2 51. Kd4 Kf3 52. Kd3 Kxf4 53. Ke2 Kg3 54. Kf1 Kf3 55. Kg1 Ke2 0-1

[Event "XIII Mediterranean Championship 2023"]
[Site "Castell-Platja d Aro"]
[Date "2023.11.10"]
[Round "8.16"]
[White "Guillo Longares, Cecilia"]
[Black "De Lomas Busquets, Alba"]
[Result "1-0"]
[ECO "D25"]
[WhiteElo "2065"]
[BlackElo "1873"]
[Annotator "NA RC"]
[PlyCount "103"]
[EventDate "2023.10.26"]
[EventType "swiss"]
[EventCountry "ESP"]
[SourceTitle "playchess.com"]
[Source "ChessBase"]
[SourceQuality "1"]
[TimeControl "5400+30"]

1. d4 d5 2. c4 dxc4 3. Nf3 Nf6 4. e3 Bg4 5. Bxc4 e6 6. O-O Nbd7 7. Nc3 Bb4 8. Qb3 c5 9. Ne5 Nxe5 10. dxe5 Nd7 11. f3 Bxc3 12. bxc3 Bf5 13. e4 Bg6 14. Rd1 Qb6 15. Qa4 O-O-O 16. Bg5 f6 17. Rdb1 Qc7 18. Qxa7 Qb8 19. Qxb8+ Kxb8 20. exf6 gxf6 21. Bh4 Rhe8 22. Bb5 Rf8 23. Bc6 Ne5 24. Bxb7 Ka7 25. Bf2 Nd3 26. Bc6 Rb8 27. Be3 f5 28. Bb5 f4 29. Bxd3 fxe3 30. Rxb8 Rxb8 31. Bc4 e5 32. Re1 Rb2 33. Rxe3 Rc2 34. Bb3 Rc1+ 35. Kf2 Kb6 36. Ke2 Kb5 37. Kd3 Rg1 38. Re2 Kb6 39. Rb2 Kc7 40. Bd5 Rc1 41. a4 Rd1+ 42. Kc4 Ra1 43. Kxc5 Rxa4 44. Rb7+ Kc8 45. Kd6 Ra6+ 46. Kxe5 Ra5 47. Rg7 Kd8 48. c4 Ke8 49. c5 Kf8 50. Kf6 Ke8 51. c6 Kd8 52. c7+ 1-0

[Event "XIII Mediterranean Championship 2023"]
[Site "Castell-Platja d Aro"]
[Date "2023.11.10"]
[Round "8.17"]
[White "Jimenez Fernandez, Rebeca"]
[Black "Pla Almenar, Nel"]
[Result "1-0"]
[ECO "C45"]
[WhiteElo "2053"]
[BlackElo "2070"]
[Annotator "NA RC"]
[PlyCount "75"]
[EventDate "2023.10.26"]
[EventType "swiss"]
[EventCountry "ESP"]
[SourceTitle "playchess.com"]
[Source "ChessBase"]
[SourceQuality "1"]
[TimeControl "5400+30"]

1. e4 e5 2. Nf3 Nc6 3. d4 exd4 4. Nxd4 Nf6 5. Nxc6 bxc6 6. e5 Qe7 7. Qe2 Nd5 8. c4 Ba6 9. Nd2 Nf4 10. Qe4 Ne6 11. Be2 g6 12. O-O Bg7 13. f4 Nc5 14. Qc2 d5 15. b4 Nd7 16. Ba3 O-O 17. Rf3 c5 18. bxc5 c6 19. Re1 dxc4 20. Bxc4 Bxc4 21. Qxc4 Nf6 22. Rff1 Nd5 23. Ne4 Qc7 24. Bb2 Rab8 25. Bc3 h5 26. Nf6+ Bxf6 27. exf6 Rfe8 28. Be5 Qa5 29. f5 Qd2 30. fxg6 Rb2 31. gxf7+ Kxf7 32. Qe4 Rxe5 33. Qh7+ Ke6 34. Qg8+ Kd7 35. Rxe5 Qd4+ 36. Kh1 Rf2 37. Qf7+ Kc8 38. Re8# 1-0

[Event "XIII Mediterranean Championship 2023"]
[Site "Castell-Platja d Aro"]
[Date "2023.11.10"]
[Round "8.18"]
[White "Pham Guerrero, Sergi"]
[Black "Canigueral Salvado, Jaume"]
[Result "1-0"]
[ECO "C02"]
[WhiteElo "2072"]
[BlackElo "1853"]
[Annotator "NA RC"]
[PlyCount "63"]
[EventDate "2023.10.26"]
[EventType "swiss"]
[EventCountry "ESP"]
[SourceTitle "playchess.com"]
[Source "ChessBase"]
[SourceQuality "1"]
[TimeControl "5400+30"]

1. e4 e6 2. d4 d5 3. e5 c5 4. c3 cxd4 5. cxd4 Bb4+ 6. Nc3 Ne7 7. Bd3 Ng6 8. Nf3 Nc6 9. h4 Qa5 10. Bd2 h6 11. h5 Nge7 12. a3 Bxc3 13. Bxc3 Qb6 14. b4 a6 15. O-O Bd7 16. a4 O-O 17. b5 Nb8 18. Qd2 Qd8 19. Bb4 f5 20. exf6 Rxf6 21. Ne5 Be8 22. g4 Nd7 23. f4 Nxe5 24. dxe5 Rf8 25. f5 exf5 26. gxf5 Rf7 27. f6 Qb6+ 28. Kh1 Qe6 29. Bg6 gxf6 30. Bxf7+ Bxf7 31. Bxe7 Qxe7 32. Qxh6 1-0

[Event "XIII Mediterranean Championship 2023"]
[Site "Castell-Platja d Aro"]
[Date "2023.11.10"]
[Round "8.19"]
[White "Makka, Ioulia"]
[Black "Mateu Guiu, Esteve"]
[Result "1/2-1/2"]
[ECO "B68"]
[WhiteElo "1900"]
[BlackElo "2075"]
[Annotator "NA RC"]
[PlyCount "58"]
[EventDate "2023.10.26"]
[EventType "swiss"]
[EventCountry "ESP"]
[SourceTitle "playchess.com"]
[Source "ChessBase"]
[SourceQuality "1"]
[TimeControl "5400+30"]

1. e4 c5 2. Nf3 d6 3. d4 cxd4 4. Nxd4 Nf6 5. Nc3 Nc6 6. Bg5 e6 7. Qd2 a6 8. O-O-O Bd7 9. f4 Be7 10. Kb1 b5 11. Nxc6 Bxc6 12. Bxf6 gxf6 13. Qe3 Qc7 14. f5 Qb7 15. fxe6 fxe6 16. Bd3 O-O-O 17. Qh3 Bd7 18. Rhf1 Kb8 19. Qe3 Rdg8 20. Rf2 h5 21. Bf1 Rg5 22. Bd3 Bc6 23. Re1 Re5 24. Qf4 Rg8 25. h3 Bd8 26. Rfe2 Qg7 27. Qf2 Kb7 28. Nd1 Bb6 29. Qf4 Qg6 1/2-1/2